 Dungeon Crawl Stone Soup version 0.23.1-38-g628c18f423 (webtiles) character file.

Game seed: 9614326754801374560

74580 Velka142 the Eclecticist (level 15, -3/125 HPs)
             Began as a Mummy Wizard on Mar 28, 2019.
             Was an Initiate of Gozag.
             Killed from afar by Louise (26 damage)
             ... with a bolt of lightning
             ... on level 15 of the Dungeon.
             The game lasted 02:01:54 (42971 turns).

Velka142 the Eclecticist (Mummy Wizard)            Turns: 42971, Time: 02:01:54

Health: -3/125     AC:  8    Str:  9 (10) XL:     15   Next: 7%
Magic:  17/35      EV: 16    Int: 32      God:    Gozag
Gold:   158        SH:  3    Dex: 12      Spells: 17/46 levels left

rFire    + . .     SeeInvis .   C - +1 short sword (venom)
rCold    + . .     Gourm    .   (no shield)
rNeg     + + +     Faith    .   L - +0 leather armour {rF+}
rPois    ∞         Spirit   .   b - +0 hat
rElec    .         Reflect  +   H - +0 cloak
rCorr    .         Harm     .   l - +0 pair of gloves
MR       ++...                  Y - +1 pair of boots
Stlth    +.........             r - amulet of Azoz {Reflect Fragile rF+ Int+4 SH+3}
HPRegen  0.30/turn              I - ring of protection from magic
MPRegen  0.24/turn              x - ring of wizardry

@: brilliant, gold aura, very slightly contaminated, hasted, studying Shields,
very quick
A: no food or potions, fire vulnerability, cold resistance 1, negative energy
resistance 3, torment resistance, unbreathing, in touch with death 1
a: Potion Petition, Call Merchant, Bribe Branch, Renounce Religion


You were on level 15 of the Dungeon.
You worshipped Gozag.
Gozag was aware of your devotion.
You were not hungry.

You visited 4 branches of the dungeon, and saw 23 of its levels.
You visited the Abyss 1 time.

You collected 7273 gold pieces.
You spent 1292 gold pieces at shops.
You paid 5823 gold pieces to Gozag.

Inventory:

Hand Weapons
 d - the cursed +0 spear of Daofel {pierce, rF+ Str+4 Int-2}
   (You found it on level 5 of the Lair of Beasts)

   It inflicts extra damage upon your enemies.
   It affects your strength (+4).
   It affects your intelligence (-2).
   It protects you from fire.
   It has a curse placed upon it.
 C - a +1 short sword of venom (weapon)
Missiles
 e - 9 javelins
 z - 6 throwing nets
 A - 6 poisoned javelins (quivered)
Armour
 b - a +0 hat (worn)
 l - a +0 pair of gloves (worn)
 B - a +0 robe of magic resistance
 E - a +0 shield of reflection
 H - a +0 cloak (worn)
 J - the -1 cloak of Light {rN+ MR+ Int-4}
   (You bought it in a shop on level 11 of the Dungeon)

   It affects your intelligence (-4).
   It protects you from negative energy.
   It affects your resistance to hostile enchantments.
 L - a +0 leather armour of fire resistance (worn)
 Y - a +1 pair of boots (worn)
Magical Staves
 R - an uncursed staff of conjuration
Jewellery
 m - an uncursed ring of protection from cold
 n - an uncursed amulet of the acrobat {unknown}
 r - the amulet of Azoz (around neck) {Reflect Fragile rF+ Int+4 SH+3}
   (You found it on level 5 of the Dungeon)

   [amulet of reflection]

   It shields you and reflects attacks.
   It affects your intelligence (+4).
   It protects you from fire.
   It will be destroyed if unequipped.
   It affects your SH (+3).
 x - a ring of wizardry (right hand)
 I - a ring of protection from magic (left hand)
 K - an uncursed ring of magical power
 N - an uncursed ring of flight {unknown}
 O - an uncursed ring of protection from fire {unknown}
 T - a cursed -3 ring of strength {unknown}
 U - an uncursed ring of fire {unknown}
Wands
 a - a wand of random effects (35)
 q - a wand of digging (10)
 y - a wand of flame (80)
 D - a wand of iceblast (11)
 P - a wand of scattershot (6)
 W - a wand of acid (12)
 X - a wand of disintegration (14)
Scrolls
 c - 9 scrolls of remove curse
 f - 8 scrolls of teleportation
 g - 5 scrolls of fog
 h - 2 scrolls of noise {unknown}
 i - 2 scrolls of amnesia
 j - a scroll of blinking
 k - 3 scrolls of immolation
 o - a scroll of brand weapon
 s - a scroll of magic mapping
 t - a scroll of enchant armour
 v - a scroll of vulnerability
 w - 5 scrolls of enchant weapon
 G - 2 scrolls of summoning
 S - 3 scrolls of identify
Books
 V - a manual of Shields
Miscellaneous
 F - a phantom mirror
 M - a phial of floods
 Q - a lamp of fire (inert)


   Skills:
 + Level 13.9 Fighting
 - Level 5.4 Armour
 - Level 9.1 Dodging
 - Level 1.5 Stealth
 + Level 2.4 Shields
 + Level 16.0 Spellcasting
 - Level 6.0 Conjurations
 - Level 5.0 Summonings
 + Level 6.1 Necromancy
 - Level 2.0 Translocations
 - Level 3.0 Air Magic
 + Level 3.7 Earth Magic
 - Level 4.0 Poison Magic


You had 17 spell levels left.
You knew the following spells:

 Your Spells              Type           Power        Failure   Level  Hunger
a - Magic Dart            Conj           ####         1%          1    N/A
b - Borgnjor's Vile Clut  Necr/Erth      #######...   1%          5    N/A
c - Mephitic Cloud        Conj/Pois/Air  ######..     1%          3    N/A
d - Conjure Flame         Conj/Fire      ######..     1%          3    N/A
e - Summon Lightning Spi  Summ/Air       ######..     1%          4    N/A
f - Blink                 Tloc           N/A          1%          2    N/A
g - Olgreb's Toxic Radia  Pois           ######..     1%          4    N/A
h - Dispel Undead         Necr           #######.     1%          5    N/A
i - Call Imp              Summ           ######..     1%          2    N/A

Your spell library contained the following spells:

 Spells                   Type           Power        Failure   Level  Hunger
 Corona                   Hex            #####..      1%          1    N/A
 Pain                     Necr           ####         1%          1    N/A
 Sting                    Conj/Pois      ####         1%          1    N/A
 Summon Small Mammal      Summ           ####         1%          1    N/A
 Poisonous Vapours        Pois/Air       ######       1%          2    N/A
 Slow                     Hex            #####...     1%          2    N/A
 Sticks to Snakes         Tmut           #####...     1%          2    N/A
 Call Canine Familiar     Summ           ######..     1%          3    N/A
 Inner Flame              Hex/Fire       #####...     1%          3    N/A
 Portal Projectile        Hex/Tloc       ######       1%          3    N/A
 Summon Guardian Golem    Hex/Summ       ######..     1%          3    N/A
 Leda's Liquefaction      Hex/Erth       ######....   1%          4    N/A
 Summon Ice Beast         Ice/Summ       ######..     1%          4    N/A
 Venom Bolt               Conj/Pois      ######....   1%          5    N/A
 Cause Fear               Hex            #####.....   2%          4    N/A
 Simulacrum               Ice/Necr       #######...   11%         6    N/A
 Beastly Appendage        Tmut           Unusable     N/A         1    N/A
 Regeneration             Chrm/Necr      Unusable     N/A         3    N/A
 Spider Form              Tmut/Pois      Unusable     N/A         3    N/A
 Ice Form                 Ice/Tmut       Unusable     N/A         4    N/A
 Blade Hands              Tmut           Unusable     N/A         5    N/A

Dungeon Overview and Level Annotations

Branches:
Dungeon (15/15)            Temple (1/1) D:5            Lair (6/6) D:10
 Shoals (0/4) Lair:3       Spider (0/4) Lair:3        Slime (0/5) Lair:6
    Orc (1/2) D:12         Vaults (0/5) D:13
 Depths: D:15

Altars:
Ashenzari
Elyvilon
Fedhas
Gozag
Hepliaklqana
Nemelex Xobeh
Okawaru
Qazlal
Ru
Sif Muna
Xom

Shops:
D:9 !   D:10 }   D:11 (:*[(*

Annotations:
D:10 exclusion: downstairs
D:11 1 runed translucent door, strelocc's ghost, novice DDNe
D:15 Louise
Lair:3 3 runed translucent doors, exclusion: oklob plant, Nits's ghost, journeyman DsFi; Wuqaxap's ghost, journeyman MiFi
Lair:4 exclusion: downstairs, Rupert
Lair:5 1 runed translucent door, exclusion: 4 oklob plants, chimenez's ghost, journeyman GnFi
Lair:6 1 runed translucent door, exclusions: door and 3 oklob plants


Innate Abilities, Weirdness & Mutations

You do not eat or drink.
Your flesh is vulnerable to fire.
You are immune to poison.
Your flesh is cold resistant. (rC+)
You are immune to negative energy. (rN+++)
You are immune to unholy pain and torment.
You can survive without breathing.
You are in touch with the powers of death.


Message History

Press: ? - help, Dir - move target cursor, f - Louise
Aim: Louise, wielding a +2 trident of pain, wearing a +0 plate armour and wearing a +0 large shield (moderately wounded, constricted by zombie hands) Attack!
The zombie hands constrict Louise!
The zombie hands constrict the centaur warrior simulacrum.
The centaur warrior simulacrum hits your lightning spire but does no damage.
Louise struggles to escape constriction.
Unknown command.
The zombie hands constrict Louise!
The zombie hands constrict the centaur warrior simulacrum.
The centaur warrior simulacrum vapourises!
Unknown command.
The zombie hands constrict Louise!
Your lightning spire shoots out a bolt of lightning at Louise!
The bolt of electricity hits Louise!
Louise casts a spell at your lightning spire.
The bolt of lightning hits your lightning spire.
Your lightning spire completely resists.
The bolt of lightning misses you. The bolt of lightning hits you!!
You die...
Your body crumbles into a pile of gold.

.#......... ...
#.......... ...
#.......... ....
##..........
....
#...........
#..#
#...........
#@○##..[........
#.8#............
#.@#...........
##............#
##..........#
##.........# $
##......###
##....## ##..##
##..# ##.##


You could see Louise and a friendly lightning spire.

Vanquished Creatures
  3 vault guards (D:13)
  Harold (D:9)
  2 hydras
  A catoblepas (Lair:6)
  An ogre mage (D:15)
  An alligator (Lair:6)
  4 two-headed ogres (D:15)
  4 death yaks
  2 tengu warriors
  An unseen horror (D:11)
  A lindwurm (Lair:6)
  A necromancer (D:14)
  2 harpies (D:13)
  Pikel (D:9)
  A wolf spider zombie (D:12)
  18 ugly things
  2 cyclopes
  3 deep elf magi
  2 manticores
  Psyche (D:8)
  2 centaur zombies
  6 spiny frogs
  2 black mambas
  2 torpor snails (Lair:6)
  3 rime drakes
  3 meliai
  A queen bee (Lair:5)
  A tyrant leech (Lair:6)
  4 polar bears
  2 hornets (Lair:6)
  3 trolls
  6 hippogriffs
  6 dream sheep
  4 blink frogs
  A slime creature (D:12)
  A centaur simulacrum (D:15)
  A wraith (D:15)
  20 yaks
  4 wyverns
  4 basilisks
  A steam dragon (D:10)
  3 large abominations
  3 hungry ghosts
  3 vampire mosquitoes (D:14)
  5 water moccasins
  An acid dragon (D:15)
  2 orc warriors
  8 porcupines
  7 hell hounds (Lair:6)
  8 black bears
  3 sky beasts
  3 slaves (D:9)
  A necrophage (D:14)
  An ice beast (D:9)
  5 ogres
  2 phantoms
  9 centaurs
  4 eyes of draining
  16 wolves
  3 boggarts (D:13)
  13 crocodiles
  18 bullfrogs
  6 big kobolds
  A gnoll sergeant (D:9)
  A wyvern skeleton (D:7)
  A hornet simulacrum (D:14)
  91 killer bees
  A howler monkey (D:5)
  3 crimson imps
  2 bullfrog zombies
  A quasit (D:14)
  7 orc priests
  2 bullfrog skeletons (D:6)
  4 hounds
  5 jellies
  7 orc wizards
  A centaur skeleton (D:12)
  2 iguanas
  9 worker ants
  3 wolf simulacra (D:14)
  3 polar bear simulacra (D:14)
  3 yak simulacra (D:14)
  2 killer bee zombies
  A hound zombie (D:9)
  A hound skeleton (D:4)
  6 gnolls
  A worker ant zombie (D:10)
  12 adders
  3 shadow imps
  An adder zombie (D:7)
  A worm (D:4)
  A dart slug (D:1)
  7 leopard geckos
  38 orcs
  3 bats
  3 giant cockroaches
  5 goblins
  6 hobgoblins
  10 jackals
  23 kobolds
  A quokka (D:4)
  2 frilled lizards
  5 rats
  2 river rat simulacra (D:14)
534 creatures vanquished.

Vanquished Creatures (collateral kills)
  A deep elf high priest (D:12)
  5 hydras
  5 vault guards (D:13)
  2 centaur warriors
  2 catoblepae
  7 death yaks
  2 two-headed ogres (D:11)
  A deep troll earth mage (D:12)
  Sonja (D:13)
  A harpy (D:13)
  A lindwurm (Lair:6)
  2 ugly things
  A manticore (D:13)
  A cyclops (D:12)
  2 black mambas
  A centaur skeleton (D:13)
  3 torpor snails (Lair:6)
  3 spiny frogs
  2 komodo dragons
  An efreet (D:12)
  8 polar bears
  4 trolls (D:11)
  2 tyrant leeches (Lair:6)
  3 slime creatures (D:12)
  6 hornets (Lair:6)
  A wind drake (shapeshifter) (D:12)
  10 dream sheep (Lair:6)
  3 hippogriffs
  2 blink frogs (Lair:3)
  6 yaks
  A wyvern (Lair:6)
  3 basilisks
  4 wargs (Lair:6)
  10 hell hounds (Lair:6)
  2 water moccasins (Lair:6)
  A porcupine (D:11)
  A swamp drake (D:12)
  2 boggarts (D:13)
  2 orc warriors
  6 black bears (Lair:6)
  An eye of draining (D:11)
  5 ogres
  2 centaurs (D:11)
  A crocodile (Lair:3)
  7 wolves (Lair:6)
  2 big kobolds
  2 bullfrogs
  A scorpion (D:8)
  2 killer bees (D:11)
  A crimson imp (D:13)
  A bullfrog zombie (D:6)
  A bullfrog skeleton (D:12)
  3 iguanas
  An orc wizard (D:8)
  4 gnolls (D:3)
  2 orcs
  5 kobolds
  A butterfly (Lair:6)
  A plant (Lair:6)
164 creatures vanquished.

Vanquished Creatures (others)
  A hornet (Lair:6)
  A slave (D:9)
  A centaur (D:11)
  A killer bee (D:9)
  A hound (D:8)
  A kobold (D:8)
  25 fungi
  23 plants
  4 withered plants
58 creatures vanquished.

Grand Total: 756 creatures vanquished

Notes
Turn   | Place    | Note
-------+----------+-------------------------------------------
     0 | D:1      | Velka142 the Mummy Wizard began the quest for the Orb.
     0 | D:1      | Reached XP level 1. HP: 13/13 MP: 5/5
    97 | D:1      | Reached skill level 1 in Conjurations
   485 | D:1      | Reached XP level 2. HP: 16/20 MP: 1/7
   545 | D:1      | Learned a level 2 spell: Blink
   716 | D:1      | Reached skill level 1 in Fighting
  1122 | D:1      | Reached XP level 3. HP: 26/26 MP: 4/8
  1562 | D:2      | Learned a level 2 spell: Call Imp
  1566 | D:2      | Learned a level 3 spell: Mephitic Cloud
  2170 | D:2      | Reached skill level 1 in Summonings
  2794 | D:2      | Reached XP level 4. HP: 32/32 MP: 2/10
  3783 | D:3      | Found an iron altar of Okawaru.
  3784 | D:3      | Found a blossoming altar of Fedhas.
  3878 | D:3      | Found a shattered altar of Ashenzari.
  3991 | D:4      | Noticed an ogre
  4027 | D:4      | Killed an ogre
  4027 | D:4      | Reached XP level 5. HP: 38/38 MP: 4/12
  4293 | D:4      | Reached skill level 5 in Spellcasting
  4554 | D:5      | Entered Level 5 of the Dungeon
  4756 | D:5      | Found a staircase to the Ecumenical Temple.
  4768 | D:5      | Got a brightly glowing zirconium amulet
  4773 | Temple   | Entered the Ecumenical Temple
  4782 | Temple   | Became a worshipper of Gozag Ym Sagoz the Greedy
  5208 | D:5      | Reached XP level 6. HP: 44/44 MP: 9/13
  6222 | D:6      | Identified the amulet of Azoz {Reflect Fragile rF+ Int+4
                  | SH+3} (You found it on level 5 of the Dungeon)
  6260 | D:6      | Reached skill level 6 in Spellcasting
  6473 | D:6      | Reached XP level 7. HP: 49/50 MP: 2/16
  6876 | D:6      | Reached skill level 1 in Translocations
  7257 | D:4      | Found a sacrificial altar of Ru.
  7257 | D:4      | Found a shattered altar of Ashenzari.
  7374 | D:7      | Learned a level 3 spell: Conjure Flame
  7760 | D:7      | Noticed a hippogriff
  7771 | D:7      | Killed a hippogriff
  7771 | D:7      | Reached skill level 1 in Air Magic
  7771 | D:7      | Reached skill level 1 in Poison Magic
  7876 | D:7      | Reached skill level 7 in Spellcasting
  7989 | D:7      | Reached XP level 8. HP: 58/58 MP: 4/18
  8320 | D:6      | Reached skill level 5 in Conjurations
  8764 | D:7      | Noticed a hippogriff
  9259 | D:7      | Killed a hippogriff
  9259 | D:7      | Reached skill level 8 in Spellcasting
  9357 | D:8      | Noticed Psyche
  9532 | D:8      | Found an opulent altar of Gozag.
  9667 | D:8      | Noticed a hippogriff
  9669 | D:8      | Killed Psyche
  9669 | D:8      | Reached skill level 5 in Fighting
  9669 | D:8      | Reached XP level 9. HP: 68/68 MP: 8/21
  9687 | D:8      | Reached skill level 9 in Spellcasting
 11048 | D:9      | Found Xesig's Distillery.
 11159 | D:9      | Noticed Pikel
 11169 | D:9      | Killed Pikel
 11169 | D:9      | Reached skill level 10 in Spellcasting
 11296 | D:9      | Noticed Harold
 11356 | D:9      | Killed Harold
 11356 | D:9      | Reached XP level 10. HP: 32/79 MP: 13/24
 12018 | D:9      | Noticed a three-headed hydra
 12032 | D:9      | Killed a three-headed hydra
 12032 | D:9      | Reached skill level 11 in Spellcasting
 13203 | D:10     | Entered Level 10 of the Dungeon
 13470 | D:10     | Found a staircase to the Lair.
 14439 | D:10     | Reached skill level 12 in Spellcasting
 14612 | D:10     | You fall through a shaft for 3 floors!
 14838 | D:12     | Reached skill level 5 in Dodging
 14838 | D:12     | Reached XP level 11. HP: 30/90 MP: 16/27
 15620 | D:10     | Found Cifeuf Jepn's Gadget Shoppe.
 15741 | Lair:1   | Entered Level 1 of the Lair of Beasts
 16165 | Lair:1   | Reached skill level 10 in Fighting
 17886 | Lair:2   | Learned a level 4 spell: Summon Lightning Spire
 17970 | Lair:2   | Found a gate leading to a gauntlet.
 19164 | Lair:3   | Found a staircase to the Shoals.
 19170 | Lair:3   | Found a runed translucent gate.
 19170 | Lair:3   | Found a runed translucent gate.
 19170 | Lair:3   | Found a runed translucent gate.
 19170 | Lair:3   | Noticed Wuqaxap's ghost (journeyman MiFi)
 19171 | Lair:3   | Noticed Nits's ghost (journeyman DsFi)
 19188 | Lair:3   | Found a hole to the Spider Nest.
 19525 | Lair:3   | Noticed an oklob plant
 20396 | Lair:4   | Learned a level 4 spell: Olgreb's Toxic Radiance
 20959 | Lair:4   | Noticed Rupert
 21289 | Lair:5   | Noticed a death yak
 21289 | Lair:5   | Noticed a death yak
 21289 | Lair:5   | Noticed a death yak
 21290 | Lair:5   | Noticed a death yak
 21482 | Lair:5   | Got a shimmering spear
 21726 | Lair:5   | Identified the cursed +0 spear of Daofel {pierce, rF+ Str+4
                  | Int-2} (You found it on level 5 of the Lair of Beasts)
 21773 | Lair:5   | Noticed an eight-headed hydra
 22530 | Lair:5   | Reached XP level 12. HP: 80/100 MP: 24/28
 22541 | Lair:5   | Reached skill level 13 in Spellcasting
 23466 | Lair:5   | Noticed a death yak
 23494 | Lair:5   | Noticed a death yak
 24472 | Lair:5   | Killed an eight-headed hydra
 25233 | Lair:5   | Killed a death yak
 25565 | Lair:5   | Killed a death yak
 25571 | Lair:5   | Killed a death yak
 26014 | Lair:5   | Found a runed translucent door.
 26014 | Lair:5   | Found a shimmering altar of Xom.
 26014 | Lair:5   | Noticed chimenez's ghost (journeyman GnFi)
 26105 | Lair:6   | Entered Level 6 of the Lair of Beasts
 26105 | Lair:6   | Noticed a four-headed hydra
 26122 | Lair:5   | Killed a four-headed hydra
 26564 | Lair:6   | Found a hazy altar of Hepliaklqana.
 26711 | Lair:6   | Noticed a four-headed hydra
 26741 | Lair:6   | Killed a four-headed hydra
 26741 | Lair:6   | Reached skill level 1 in Armour
 26830 | Lair:6   | Found a runed translucent door.
 26830 | Lair:6   | Noticed a fire dragon
 26945 | Lair:6   | Reached skill level 5 in Summonings
 27151 | Lair:6   | Gained mutation: You are in touch with the powers of death.
                  | [Mummy growth]
 27151 | Lair:6   | Reached XP level 13. HP: 78/108 MP: 15/30
 27638 | Lair:6   | Reached skill level 14 in Spellcasting
 30490 | Lair:6   | Found a staircase to the Slime Pits.
 32215 | D:11     | Found Joebai's Antique Weapon Shoppe.
 32452 | D:11     | Noticed strelocc's ghost (novice DDNe)
 32588 | D:11     | Found a runed translucent door.
 33521 | D:11     | Reached skill level 15 in Spellcasting
 34567 | D:11     | Reached XP level 14. HP: 118/118 MP: 27/33
 35095 | D:11     | Bought a brightly glowing cloak for 256 gold pieces
 35105 | D:11     | Identified the -1 cloak of Light {rN+ MR+ Int-4} (You
                  | bought it in a shop on level 11 of the Dungeon)
 35385 | D:12     | Reached skill level 5 in Armour
 35621 | D:12     | Found a staircase to the Orcish Mines.
 37213 | D:13     | Noticed Sonja
 37232 | D:13     | Killed Sonja
 37549 | D:11     | Bought the Almanac of Dark Arts for 1036 gold pieces
 37555 | D:11     | Learned a level 5 spell: Borgnjor's Vile Clutch
 37561 | D:11     | Learned a level 5 spell: Dispel Undead
 37613 | Orc:1    | Entered Level 1 of the Orcish Mines
 37935 | D:13     | Reached skill level 1 in Necromancy
 38095 | D:13     | Reached skill level 1 in Earth Magic
 39116 | D:13     | Found a gate to the Vaults.
 40317 | D:14     | Got a polished great sword
 40326 | D:14     | Identified the +9 great sword of Prudence {holy, Dex+6}
                  | (You found it on level 14 of the Dungeon)
 42000 | D:15     | Entered Level 15 of the Dungeon
 42013 | D:15     | Reached skill level 5 in Necromancy
 42451 | D:15     | Reached skill level 1 in Shields
 42622 | D:15     | Reached XP level 15. HP: 125/125 MP: 23/34
 42723 | D:15     | Reached skill level 16 in Spellcasting
 42814 | D:15     | Noticed Louise
 42829 | D:15     | Cast into level 3 of the Abyss (Louise)
 42866 | Abyss:4  | Noticed an Executioner
 42873 | Abyss:4  | Paralysed by accursed screaming for 1 turns
 42965 | D:15     | Escaped the Abyss
 42971 | D:15     | Killed from afar by Louise

Skill      XL: |  1  2  3  4  5  6  7  8  9 10 11 12 13 14 15 |
---------------+----------------------------------------------+-----
Conjurations   | 1 2 3 4 6 |  6.0
Fighting       | 1 2 3 5 7 9 11 12 13 | 13.9
Summonings     | 1 2 3 5 |  5.0
Spellcasting   | 5 6 7 8 10 12 13 15 16 | 16.0
Translocations | 1 2 |  2.0
Air Magic      | 1 2 3 |  3.0
Poison Magic   | 1 4 |  4.0
Dodging        | 2 5 6 7 8 9 |  9.1
Armour         | 1 4 5 |  5.4
Necromancy     | 6 |  6.1
Earth Magic    | 3 |  3.7
Shields        | 1 2 |  2.4
Stealth        | |  1.5

Action                   |  1- 3 |  4- 6 |  7- 9 | 10-12 | 13-15 || total
-------------------------+-------+-------+-------+-------+-------++-------
Melee: Dagger            |     2 |    15 |    22 |    61 |    96 ||   196
       Short sword       |       |       |       |       |    75 ||    75
Throw: Javelin           |       |     1 |       |       |       ||     1
 Cast: Magic Dart        |   111 |   147 |   270 |  1001 |  1064 ||  2593
       Call Imp          |     3 |    12 |    16 |    15 |     9 ||    55
       Mephitic Cloud    |     1 |     6 |    15 |    34 |    37 ||    93
       Conjure Flame     |       |       |    12 |    34 |    24 ||    70
       Blink             |       |       |     1 |    11 |    13 ||    25
       Summon Lightning  |       |       |       |    51 |   108 ||   159
       Olgreb's Toxic Ra |       |       |       |    45 |    41 ||    86
       Borgnjor's Vile C |       |       |       |       |    51 ||    51
       Dispel Undead     |       |       |       |       |     2 ||     2
Invok: Call Merchant     |       |       |       |       |     5 ||     5
       Potion Petition   |       |       |       |       |     3 ||     3
Evoke: Wand              |       |       |     1 |     1 |    13 ||    15
       Lamp of fire      |       |       |       |       |     1 ||     1
  Use: Scroll            |       |     6 |       |     7 |    13 ||    26
 Stab: Confused          |       |       |     6 |     4 |     2 ||    12
       Distracted        |       |       |       |     2 |     3 ||     5
       Petrified         |       |       |       |       |    10 ||    10
       Invisible         |       |       |       |       |     1 ||     1
Armor: Robe              |     4 |    12 |    28 |    44 |       ||    88
       Leather armour    |       |       |       |    14 |   137 ||   151
Dodge: Dodged            |    28 |    42 |    85 |   376 |   457 ||   988
Block: Other             |       |     1 |    12 |    61 |    82 ||   156
       Reflection        |       |       |     2 |     1 |     4 ||     7
